 Dungeon Crawl Stone Soup version 0.30-b1-2-g02819fbbbe (webtiles) character file.

Game seed: 15640095353964048676

142 Anon1729 the Trooper (level 5, -6/47 HPs)
             Began as a Minotaur Monk on Aug 2, 2023.
             Mangled by a two-headed ogre
             ... wielding a +0 giant club
              (21 damage)
             ... on level 4 of the Dungeon.
             The game lasted 00:01:20 (2961 turns).

Anon1729 the Trooper (Minotaur Monk)                Turns: 2961, Time: 00:01:20

Health: -6/47      AC:  2    Str: 15    XL:     5   Next: 4%
Magic:  4/4        EV: 13    Int:  7    God:
Gold:   282        SH:  0    Dex: 15    Spells: 4/4 levels left

rFire   . . .        a - +0 short sword
rCold   . . .        d - orb {light}
rNeg    . . .        b - +0 robe
rPois   .            (helmet restricted)
rElec   .            (no cloak)
rCorr   +            (no gloves)
SInv    .            (no boots)
Will    .....        (no amulet)
Stlth   +            h - +4 ring of slaying
HPRegen 0.27/turn    p - ring of resist corrosion
MPRegen 0.09/turn

%: no passive effects
@: glowing, studying Long Blades
A: horns 2, retaliatory headbutt
a: no special abilities


You were on level 4 of the Dungeon.
You visited 1 branch of the dungeon, and saw 4 of its levels.

You collected 282 gold pieces.

Inventory:

Hand Weapons
 a - a +0 short sword (weapon)
Missiles
 j - 6 atropa-tipped darts (quivered)
Armour
 b - a +0 robe (worn)
 d - an orb of light (worn)
Jewellery
 h - a +4 ring of slaying (left hand)
 p - a ring of resist corrosion (right hand)
 q - a ring of flight
Scrolls
 e - 2 scrolls of enchant armour {unknown}
 f - a scroll of amnesia {unknown}
 i - 3 scrolls of identify {unknown}
 k - a scroll of vulnerability {unknown}
 m - a scroll of torment {unknown}
 o - 2 scrolls of fog
 r - a scroll of immolation {unknown}
 t - a scroll of fear {unknown}
Potions
 c - a potion of ambrosia
 g - a potion of brilliance {unknown}
 l - a potion of haste {unknown}
 n - a potion of invisibility {unknown}
 u - a potion of might {unknown}


   Skills:
 + Level 4.6 Fighting
 + Level 4.2 Short Blades
 + Level 2.6 Armour
 + Level 4.2 Dodging


You had 4 spell levels left.
You didn't know any spells.
Your spell library contained the following spells:

 Spells                   Type           Power      Damage    Failure   Level
 Static Discharge         Conj/Air       0%         2-2/arc   56%         2
 Airstrike                Air            0%         2d(0-16)  99%         4
 Summon Lightning Spire   Summ/Air       0%         N/A       99%         4


Dungeon Overview and Level Annotations

Branches:
Dungeon (4/15)
 Temple: D:4-7

Altars:

Shops:
D:1 *


Innate Abilities, Weirdness & Mutations

You have a pair of horns on your head.
You reflexively headbutt those who attack you in melee.


Message History

You hit the two-headed ogre.
The two-headed ogre is lightly wounded.
The two-headed ogre closely misses you. The two-headed ogre barely misses you.
You hit the two-headed ogre but do no damage.
The two-headed ogre is lightly wounded.
You puncture the two-headed ogre!
The two-headed ogre is moderately wounded.
The two-headed ogre closely misses you.
The two-headed ogre hits you with a +0 giant club!
You are too injured to fight recklessly!
You are too injured to fight recklessly!
You are too injured to fight recklessly!
You are too injured to fight recklessly!
You are too injured to fight recklessly!
You are too injured to fight recklessly!
You are too injured to fight recklessly!
You are too injured to fight recklessly!
You are too injured to fight recklessly!
You are too injured to fight recklessly!
You are too injured to fight recklessly!
You are too injured to fight recklessly!
You are too injured to fight recklessly!
You are too injured to fight recklessly!
You are too injured to fight recklessly!
You aren't carrying any items that you can evoke.
Unknown command.
Unknown command.
It was a potion of curing.
You feel better.
The two-headed ogre hits you with a +0 giant club!
* * * LOW HITPOINT WARNING * * *
The two-headed ogre hits you with a +0 giant club.
* * * LOW HITPOINT WARNING * * *
You feel better.
Unknown command.
Unknown command.
You aren't carrying any items that you can evoke.
You puncture the two-headed ogre! You headbutt the two-headed ogre!
The two-headed ogre is heavily wounded.
The two-headed ogre hits you with a +0 giant club!!
You die...

#...###.†...#..#.
##.##....##.##.##
#..#.....#..#.†#
#.##.##....##.##..
.>#..#..###.....#
############.##.####...#####
...(..........#..#...## #
......!###O.#.##...##### #
....... ##@...#.###...#####
....... ##...#.#....>.....
....... #.......#########
....... ##.###### .......
#.# ≈≈≈.... #.# ..# ###


You could see a two-headed ogre.

Vanquished Creatures
  A hound (D:3)
  5 adders
  An ufetubus (D:4)
  A worm (D:3)
  2 dart slugs (D:3)
  An orc (D:3)
  9 endoplasms
  3 giant cockroaches
  4 goblins
  5 hobgoblins
  3 quokkas
  5 ball pythons
  4 bats
  2 frilled lizards (D:1)
  4 kobolds
  9 rats
59 creatures vanquished.

Notes
Turn   | Place    | Note
-------+----------+-------------------------------------------
     0 | D:1      | Anon1729 the Minotaur Monk began the quest for the Orb.
     0 | D:1      | Reached XP level 1. HP: 19/19 MP: 0/0
   230 | D:1      | Found Esuemiv's Assorted Antiques.
   265 | D:1      | Found a faded altar of an unknown god.
   274 | D:1      | Reached XP level 2. HP: 25/27 MP: 1/1
   570 | D:1      | Reached skill level 1 in Armour
  1030 | D:2      | Reached XP level 3. HP: 30/33 MP: 2/2
  2119 | D:3      | Reached XP level 4. HP: 37/41 MP: 3/3
  2844 | D:4      | Reached XP level 5. HP: 45/47 MP: 4/4
  2946 | D:4      | Noticed a two-headed ogre
  2961 | D:4      | Mangled by a two-headed ogre

Illustrated notes

Levels and vault maps discovered:
D:1:      dpeg_arrival_boxes_within_box, layout_basic,
          hellmonk_ecumenical_altar_crossroads, serial_shops, shop,
          kennysheep_small_spiral
D:2:      kennysheep_big_flooded_room, layout_basic
D:3:      layout_loops_ring, kennysheep_generic_room_10
D:4:      minmay_skewed_foursquare, layout_basic,
          mainiacjoe_overflow_concentric_impassable, dreamdust_wishing_well,
          wad_rectangle_vault, uniq_ijyb

Skill      XL: |  1  2  3 |
---------------+----------+-----
Armour         | 1 2 |  2.6
Fighting       | 4 |  4.6
Short Blades   | 4 |  4.2
Dodging        | 4 |  4.2

Action                     |  1- 3 |  4- 6 || total
---------------------------+-------+-------++-------
  Melee: Short sword       |    89 |    28 ||   117
         Headbutt          |    17 |    14 ||    31
    Use: Scroll            |     1 |       ||     1
         Potion            |       |     2 ||     2
 Armour: Robe              |     6 |     3 ||     9
  Dodge: Dodged            |    34 |    16 ||    50
